 Dungeon Crawl Stone Soup version 0.20.1-1-g8b1a95d (webtiles) character file.

5392 LarsimusPrime the Basher (level 10, -3/86 HPs)
             Began as a Minotaur Berserker on Sept 19, 2017.
             Was a High Priest of Trog.
             Slain by a komodo dragon (22 damage)
             ... on level 8 of the Dungeon.
             The game lasted 00:24:36 (6271 turns).

LarsimusPrime the Basher (Minotaur Berserker)       Turns: 6271, Time: 00:24:36

Health: -3/86      AC: 15    Str: 24    XL:     10   Next: 39%
Magic:  9/9        EV:  4    Int:  4    God:    Trog [*****.]
Gold:   333        SH: 15    Dex: 14    Spells: 9/9 levels left

rFire    . . .     SeeInvis .   a - +0 hand axe
rCold    . . .     Gourm    .   C - +0 large shield
rNeg     . . .     Faith    .   D - +0 plate armour
rPois    .         Spirit   .   (helmet restricted)
rElec    .         Reflect  .   (no cloak)
rCorr    +         Harm     .   d - +0 pair of gloves
MR       .....                  x - +0 pair of boots
Stlth    ..........             E - amulet of regeneration
Regen    0.7/turn               k - +3 ring of strength
MPRegen  0.2/turn               z - ring of resist corrosion

@: berserk cooldown, slowed, drained, very slow
A: retaliatory headbutt, horns 2
a: Berserk, Trog's Hand, Brothers in Arms, Burn Spellbooks, Renounce Religion


You were on level 8 of the Dungeon.
You worshipped Trog.
Trog was extremely pleased with you.
You were very hungry.

You visited 3 branches of the dungeon, and saw 10 of its levels.

You collected 333 gold pieces.

Inventory:

Hand Weapons
 a - a +0 hand axe (weapon)
 y - a +1 whip of flaming
 F - a +6 flail of protection
 J - a -1 hand axe
 K - a +0 whip of electrocution
Missiles
 e - 6 tomahawks (quivered)
 L - 3 silver javelins
Armour
 b - a +0 animal skin
 d - a +0 pair of gloves (worn)
 g - a +0 chain mail
 n - a +0 plate armour
 u - a +2 buckler
 x - a +0 pair of boots (worn)
 C - a +0 large shield (worn)
 D - a +0 plate armour (worn)
Jewellery
 k - a +3 ring of strength (left hand)
 l - an uncursed amulet of magic regeneration
 z - a ring of resist corrosion (right hand)
 E - an amulet of regeneration (around neck)
 H - an uncursed ring of resist corrosion
Wands
 p - a wand of polymorph (17/24)
 G - a wand of flame (27/48)
Scrolls
 f - 5 scrolls of amnesia
 h - 5 scrolls of identify
 m - 3 scrolls of fear
 o - a scroll of remove curse
 t - 2 scrolls of teleportation
Potions
 j - 2 potions of heal wounds
 s - a potion of magic
 v - a potion of brilliance {unknown}
 w - a potion of ambrosia
 A - a potion of lignification
 I - a potion of mutation {unknown}
Comestibles
 c - 5 bread rations
 i - 4 chunks of flesh
 q - 2 meat rations
 r - 4 royal jellies
 B - 10 fruits


   Skills:
 + Level 7.6(7.1) Fighting
 - Level 8.0(10.5) Axes
 * Level 12.1(12.3) Maces & Flails
 + Level 7.6(7.1) Armour
 + Level 3.3(2.8) Dodging
 + Level 5.7(5.1) Shields


You had 9 spell levels left.
You didn't know any spells.

Dungeon Overview and Level Annotations

Branches:
Dungeon (8/15)             Temple (1/1) D:4            Lair (1/6) D:8

Altars:
Dithmenos
Fedhas
Hepliaklqana
Kikubaaqudgha
Makhleb
Nemelex Xobeh
Okawaru
Qazlal
Ru
Trog
Uskayaw
Xom
Yredelemnul
The Shining One

Annotations:
Lair:1 Nergalle


Innate Abilities, Weirdness & Mutations

You reflexively headbutt those who attack you in melee.
You have a pair of horns on your head.


Message History

You hit the komodo dragon.
The komodo dragon is lightly wounded.
You hit the plant but do no damage. x2
The komodo dragon completely misses you.
You closely miss the komodo dragon.
The komodo dragon is lightly wounded.
You hit the plant. You hit the plant but do no damage.
The komodo dragon bites you.
* * * LOW HITPOINT WARNING * * *
You hit the komodo dragon but do no damage.
The komodo dragon is lightly wounded.
You hit the plant but do no damage. x2; You block the komodo dragon's attack.
The komodo dragon bites you but does no damage.
You hit the komodo dragon.
The komodo dragon is lightly wounded.
You hit the plant but do no damage. x2; You block the komodo dragon's attack.
You closely miss the komodo dragon.
The komodo dragon is lightly wounded.
You hit the plant but do no damage. x2; The komodo dragon bites you!!
You die... ####### ##PPPPP## #..PPPPP# ##PPPP..P# #..PP.@lP# ##..P...PP# #....P..PP# #.)P.PPPPP#

#....PPPPP#
#.#....PPP#
#.#....PPP#
#.##...PP##
##.###...##


You could see a komodo dragon.

Vanquished Creatures
  2 two-headed ogres (D:8)
  Pikel (D:6)
  A komodo dragon (D:8)
  Edmund (D:5)
  2 water moccasins
  A porcupine (Lair:1)
  Duvessa (D:7)
  3 orc warriors
  A sky beast (D:8)
  An ice beast (D:8)
  A centaur (D:8)
  2 necrophages
  2 ogres
  A crocodile (Lair:1)
  2 bullfrogs
  A wyvern zombie (D:6)
  Dowan (D:7)
  A scorpion (D:4)
  6 killer bees (D:5)
  4 howler monkeys
  A crimson imp (D:8)
  A quasit (D:8)
  7 hounds
  9 orc wizards
  A centaur skeleton (D:5)
  A jelly (D:8)
  4 orc priests
  A bullfrog skeleton (D:4)
  4 iguanas
  4 worker ants
  2 hound skeletons
  3 gnolls (D:6)
  5 adders
  A shadow imp (D:5)
  An ooze (D:3)
  An adder zombie (D:7)
  5 worms
  3 dart slugs (D:1)
  2 leopard geckos
  29 orcs
  A giant cockroach (D:1)
  4 goblins
  8 hobgoblins
  12 jackals
  4 quokkas
  4 bats
  5 frilled lizards
  10 kobolds
  A leopard gecko zombie (D:6)
  15 rats
184 creatures vanquished.

Vanquished Creatures (others)
  2 plants (D:8)
2 creatures vanquished.

Grand Total: 186 creatures vanquished

Notes
Turn   | Place    | Note
-------+----------+-------------------------------------------
     0 | D:1      | LarsimusPrime the Minotaur Berserker began the quest for the Orb.
     0 | D:1      | Reached XP level 1. HP: 19/19 MP: 0/0
    73 | D:1      | Reached XP level 2. HP: 12/27 MP: 1/1
   665 | D:1      | Reached XP level 3. HP: 33/33 MP: 2/2
   758 | D:2      | Reached ** piety under Trog
  1168 | D:3      | Reached skill level 5 in Axes
  1300 | D:3      | Reached XP level 4. HP: 41/41 MP: 3/3
  1526 | D:3      | Found a shimmering altar of Xom.
  1526 | D:3      | Found a faded altar of an unknown god.
  1531 | D:3      | Found a basalt altar of Yredelemnul.
  1533 | D:3      | Found a sacrificial altar of Ru.
  1534 | D:3      | Found a faded altar of an unknown god.
  1764 | D:4      | Found a staircase to the Ecumenical Temple.
  1780 | Temple   | Entered the Ecumenical Temple
  1854 | D:4      | Found a shadowy altar of Dithmenos.
  1914 | D:4      | Reached XP level 5. HP: 35/47 MP: 4/4
  2249 | D:4      | Reached *** piety under Trog
  2406 | D:4      | Reached skill level 5 in Fighting
  2415 | D:4      | Reached skill level 1 in Shields
  2415 | D:4      | Reached XP level 6. HP: 47/56 MP: 5/5
  2833 | D:5      | Entered Level 5 of the Dungeon
  2912 | D:5      | Noticed Edmund
  2945 | D:5      | Killed Edmund
  3004 | D:5      | Reached XP level 7. HP: 61/61 MP: 6/6
  3310 | D:5      | Reached skill level 1 in Maces & Flails
  3310 | D:5      | Reached skill level 5 in Armour
  3893 | D:6      | Reached skill level 2 in Maces & Flails
  3893 | D:6      | Reached XP level 8. HP: 69/70 MP: 7/7
  3907 | D:6      | Noticed Pikel
  3930 | D:6      | Killed Pikel
  3930 | D:6      | Reached skill level 5 in Maces & Flails
  4012 | D:6      | Found a glowing golden altar of the Shining One.
  4023 | D:6      | Reached skill level 6 in Maces & Flails
  4049 | D:6      | Reached skill level 7 in Maces & Flails
  4070 | D:6      | Reached XP level 9. HP: 77/77 MP: 8/8
  4097 | D:6      | Paralysed by fainting for 5 turns
  4107 | D:6      | Paralysed by fainting for 10 turns
  4124 | D:6      | Found a burning altar of Makhleb.
  4273 | D:6      | Found an ancient bone altar of Kikubaaqudgha.
  4288 | D:6      | Reached skill level 8 in Maces & Flails
  4705 | D:7      | Reached **** piety under Trog
  5050 | D:7      | Reached skill level 9 in Maces & Flails
  5190 | D:7      | Noticed Duvessa
  5190 | D:7      | Noticed Dowan
  5200 | D:7      | Killed Dowan
  5210 | D:7      | Killed Duvessa
  5311 | D:7      | Found a blossoming altar of Fedhas.
  5592 | D:8      | Reached skill level 10 in Maces & Flails
  5685 | D:8      | Reached ***** piety under Trog
  5720 | D:8      | Noticed a two-headed ogre
  5731 | D:8      | Killed a two-headed ogre
  5731 | D:8      | Reached skill level 11 in Maces & Flails
  5731 | D:8      | Reached skill level 5 in Shields
  5731 | D:8      | Reached XP level 10. HP: 86/86 MP: 9/9
  5741 | D:8      | Found a sparkling altar of Nemelex Xobeh.
  5742 | D:8      | Found a hide-covered altar of Uskayaw.
  5992 | D:8      | Noticed a two-headed ogre
  6000 | D:8      | Killed a two-headed ogre
  6058 | D:8      | Found a staircase to the Lair.
  6080 | D:8      | Reached skill level 12 in Maces & Flails
  6233 | Lair:1   | Entered Level 1 of the Lair of Beasts
  6249 | Lair:1   | Noticed Nergalle
  6271 | D:8      | Slain by a komodo dragon

Skill      XL: |  1  2  3  4  5  6  7  8  9 10 |
---------------+-------------------------------+-----
Fighting       | 4 5 6 7 |  7.6
Axes           | 4 5 6 7 8 |  8.0
Armour         | 3 4 5 6 7 |  7.6
Shields        | 1 3 4 5 |  5.7
Dodging        | 3 |  3.3
Maces & Flails | 2 7 11 12 | 12.1

Action                   |  1- 3 |  4- 6 |  7- 9 | 10-12 || total
-------------------------+-------+-------+-------+-------++-------
Melee: Hand axe          |   106 |   116 |       |    21 ||   243
       Headbutt          |    21 |    31 |    53 |    16 ||   121
       Flail             |       |     4 |   246 |    40 ||   290
Invok: Trog's Hand       |       |       |     1 |       ||     1
       Berserk           |       |       |     4 |     1 ||     5
  Use: Scroll            |       |       |     9 |       ||     9
       Potion            |       |       |     6 |       ||     6
  Eat: Chunk             |     1 |     6 |    12 |     2 ||    21
Armor: Animal skin       |     5 |       |       |       ||     5
       Chain mail        |     6 |       |       |       ||     6
       Plate armour      |    19 |    52 |   174 |    25 ||   270
Dodge: Dodged            |    41 |    41 |    97 |    11 ||   190
Block: Buckler           |     1 |    23 |    74 |       ||    98
       Large shield      |       |       |    29 |    43 ||    72
